 Dungeon Crawl Stone Soup version 0.18-a0-1481-g708b138 (webtiles) character file.

1919 M4edhros the Martial Artist (level 9, -1/44 HPs)
             Began as an Octopode Chaos Knight on Mar 2, 2016.
             Slain by a hippogriff (6 damage)
             ... on level 7 of the Dungeon.
             The game lasted 00:17:22 (25641 turns).

M4edhros the Martial Artist (OpCK)                 Turns: 25641, Time: 00:17:22

Health: -1/44      AC:  3    Str:  6 (7)  XL:     9   Next: 16%
Magic:  0/9        EV: 17    Int: 14      God:    Xom [...*..]
Gold:   457        SH:  0    Dex: 20      Spells: 2 memorised, 3 levels left

rFire  + . .     SeeInvis .       - Unarmed
rCold  . . .     Gourm    .     (no shield)
rNeg   . . .     Faith    .     (helmet restricted)
rPois  .         Spirit   +     p - amulet of guardian spirit
rElec  .         Dismiss  .     f - ring of protection from fire
rCorr  .         Reflect  .     i - +2 ring of protection
SustAt .         Harm     .     (no ring)
MR     .....                    (no ring)
Stlth  +++.......               (no ring)
                                (no ring)
                                (no ring)
                                (no ring)

@: confused, agile, heavily drained, not resistant to hostile enchantments,
fairly stealthy
A: almost no armour, amphibious, 8 rings, constrict 8, camouflage 1, frail 2,
weak 2, gelatinous body 1
a: Renounce Religion


You were on level 7 of the Dungeon.
You worshipped Xom.
You were a favourite toy of Xom.
You were not hungry.

You visited 2 branches of the dungeon, and saw 8 of its levels.
You also visited: Sewer.

You collected 457 gold pieces.

Inventory:

Hand Weapons
 l - a +0 hunting sling
Missiles
 b - 4 steel javelins (quivered)
 e - 5 javelins
 m - 42 sling bullets
 q - 178 stones
Jewellery
 f - a ring of protection from fire (left tentacle)
 i - a +2 ring of protection (right tentacle)
 p - an amulet of guardian spirit (around mantle)
 y - an uncursed amulet of regeneration
Wands
 D - a wand of digging (2/24)
Scrolls
 a - 4 scrolls of identify
 c - 2 scrolls of teleportation
 d - a scroll of random uselessness
 h - 2 scrolls of enchant weapon
 j - 2 scrolls of blinking
 k - 3 scrolls of remove curse
 s - a scroll of immolation
 w - 3 scrolls of enchant armour
Potions
 n - 4 potions of flight
 o - a potion of agility
 A - a potion of resistance
 B - a potion of magic {unknown}
 C - a potion of ambrosia {unknown}
Books
 r - a book of Minor Magic

   Spells                             Type                      Level
   a - Magic Dart                     Conjuration                  1
   b - Blink                          Translocation                2
   c - Call Imp                       Summoning                    2
   d - Repel Missiles                 Charms/Air                   2
   e - Slow                           Hexes                        2
   f - Conjure Flame                  Conjuration/Fire             3
   g - Mephitic Cloud                 Conjuration/Poison/Air       3
 F - a Necronomicon

   Spells                             Type                      Level
   a - Haunt                          Necromancy/Summoning         7
   b - Borgnjor's Revivification      Necromancy                   8
   c - Death's Door                   Charms/Necromancy            8
   d - Necromutation                  Transmutation/Necromancy     8
Comestibles
 g - 5 chunks of flesh
 t - 2 bread rations
 E - 4 fruits


   Skills:
 - Level 3.0(1.7) Fighting
 + Level 2.3(1.1) Dodging
 - Level 11.8(10.2) Unarmed Combat
 * Level 0.0 Spellcasting
 * Level 0.0 Conjurations
 * Level 0.0 Air Magic
 * Level 0.2(0.0) Poison Magic


You had 3 spell levels left.
You knew the following spells:

 Your Spells              Type           Power        Failure   Level  Hunger
a - Repel Missiles        Chrm/Air       #.....       43%         2    ###....
b - Mephitic Cloud        Conj/Pois/Air  #.......     83%         3    ####...


Dungeon Overview and Level Annotations

Branches:
Dungeon (7/15)             Temple (1/1) D:4

Altars:
Ashenzari
Cheibriados
Dithmenos
Elyvilon
Fedhas
Gozag
Kikubaaqudgha
Makhleb
Nemelex Xobeh
Okawaru
Pakellas
Qazlal
Ru
Sif Muna
Trog
Vehumet
Xom
Zin
The Shining One

Annotations:
D:7 Joseph


Innate Abilities, Weirdness & Mutations

You cannot wear most types of armour.
You are amphibious.
You can wear up to eight rings at the same time.
You can use your tentacles to constrict eight enemies at once.
Your skin changes colour to match your surroundings (Stealth).
Your rubbery body absorbs attacks (AC +1).
You are very frail (-20% HP).
You are very weak. (Str -4)


Message History

You tentacle-slap the hippogriff.
You squeeze the hippogriff, but do no damage.
The hippogriff is heavily wounded.
Xom titters.
You are confused.
You are now a favourite toy of Xom.
You bump into the rock wall.
The hippogriff bites you.
* * * LOW HITPOINT WARNING * * *
The hippogriff misses you. The hippogriff claws you.
* * * LOW HITPOINT WARNING * * *
Unknown command.
You bludgeon the hippogriff!
The hippogriff is severely wounded.
The hippogriff closely misses you. The hippogriff pecks you.
* * * LOW HITPOINT WARNING * * *
The hippogriff barely misses you.
Unknown command.
You bump into the rock wall.
The hippogriff closely misses you. x2
The hippogriff claws you!
You die...

### ### .....#
#####.#.######$
...............
#.# #H# #@# #.#
#.# #.# #.# #.#
#.# #.# #.#


You could see a hippogriff.

Vanquished Creatures
  Menkaure (D:6)
  An orc warrior (D:6)
  A sky beast (D:6)
  2 phantoms
  3 ogres
  A big kobold (Sewer)
  A giant frog (D:6)
  3 crimson imps
  2 howler monkeys
  A giant frog zombie (D:6)
  2 orc priests (D:6)
  3 hounds
  6 orc wizards
  Ijyb (D:2)
  An iguana (D:5)
  4 worker ants
  A hound skeleton (D:4)
  A worker ant zombie (D:6)
  Robin (D:2)
  8 adders
  4 gnolls
  A howler monkey skeleton (D:4)
  4 river rats
  A shadow imp (D:7)
  2 oozes (D:2)
  An adder zombie (D:5)
  An adder skeleton (D:4)
  2 worms (D:2)
  5 dart slugs
  9 giant geckos
  26 orcs
  6 giant cockroaches
  24 goblins
  15 hobgoblins
  11 jackals
  3 quokkas
  3 ball pythons
  6 bats
  6 giant newts
  15 kobolds
  8 rats
197 creatures vanquished.

Notes
Turn   | Place    | Note
--------------------------------------------------------------
     0 | D:1      | M4edhros the Octopode Chaos Knight began the quest for the Orb.
     0 | D:1      | Reached XP level 1. HP: 16/16 MP: 1/1
   148 | D:1      | XOM: divination: detect creatures
   258 | D:1      | XOM: harmless Fire miscast
  1118 | D:1      | XOM: divination: magic mapping
  1327 | D:1      | XOM is BORED!
  1327 | D:1      | XOM: noise
  1362 | D:1      | Reached XP level 2. HP: 21/21 MP: 2/2
  1698 | D:1      | XOM: mild Summ miscast
  2697 | D:1      | XOM: scenery: create altars
  2720 | D:1      | XOM is BORED!
  2720 | D:1      | XOM: mild Trmt miscast
  2731 | D:2      | Noticed Ijyb
  2736 | D:2      | XOM: swap monsters
  2749 | D:2      | Reached skill level 4 in Unarmed Combat
  2760 | D:2      | Killed Ijyb
  2760 | D:2      | Reached XP level 3. HP: 8/26 MP: 3/3
  2945 | D:2      | Noticed Robin
  2948 | D:2      | Killed Robin
  2948 | D:2      | Reached XP level 4. HP: 21/31 MP: 4/4
  3009 | D:2      | XOM: god gift: leather armour {god gift}
  3088 | D:2      | Reached skill level 5 in Unarmed Combat
  3153 | D:2      | XOM: 5-stop teleportation journey
  3173 | D:2      | XOM: divination: magic mapping
  3449 | D:2      | XOM: harmless Necr miscast
  4239 | D:2      | XOM: silly message
  4526 | D:2      | Reached XP level 5. HP: 36/36 MP: 5/5
  4939 | D:2      | XOM: harmless Air miscast
  4948 | D:2      | XOM: mild Ice miscast
  4987 | D:2      | XOM is BORED!
  4987 | D:2      | XOM: medium Pois miscast
  5003 | D:2      | XOM: colour smoke trail
  5223 | D:2      | XOM: silly message
  5878 | D:2      | Found an oddly glowing altar of Pakellas.
  5878 | D:2      | Found a shimmering altar of Xom.
  6034 | D:2      | Noticed an ice beast
  6134 | D:3      | Reached skill level 6 in Unarmed Combat
  6196 | D:3      | Found an iron altar of Okawaru.
  6456 | D:3      | Found a glowing drain.
  6474 | D:3      | Reached XP level 6. HP: 29/42 MP: 6/6
  6483 | Sewer    | Entered a sewer
  6815 | Sewer    | Reached skill level 7 in Unarmed Combat
  6828 | Sewer    | Found a white marble altar of Elyvilon.
  7202 | D:3      | XOM: divination: detect items
  7929 | D:3      | Found an opulent altar of Gozag.
  7941 | D:3      | Found a sacrificial altar of Ru.
  8276 | D:3      | XOM: give mutations
  8276 | D:3      | Gained mutation: Scrolls take you a little longer to read. [Xom's mischief]
  8276 | D:3      | Gained mutation: You are clumsy. (Dex -2) [Xom's mischief]
  8276 | D:3      | Gained mutation: You can translocate small distances at will. [Xom's mischief]
  8292 | D:3      | XOM: give mutations
  8292 | D:3      | Gained mutation: One of your tentacles bears a spike. [Xom's mischief]
  8292 | D:3      | Lost mutation: One of your tentacles bears a spike. [Xom's mischief]
  8292 | D:3      | Gained mutation: You are frail (-10% HP). [Xom's mischief]
  8472 | D:3      | XOM: medium Fire miscast
  8713 | D:4      | Reached XP level 7. HP: 38/41 MP: 7/7
  8956 | D:4      | XOM: mild Trmt miscast
  8993 | D:4      | Reached skill level 8 in Unarmed Combat
  9294 | D:4      | Reached skill level 9 in Unarmed Combat
  9301 | D:4      | XOM: harmless Divn miscast
  9641 | D:4      | XOM: silly message
  9654 | D:4      | XOM: summons 3 hostile demons
  9655 | D:4      | Noticed a neqoxec
  9655 | D:4      | Noticed a ynoxinul
  9657 | D:4      | XOM: butterfly on damage
 10105 | D:4      | XOM: stat loss: -1 Str (10/11)
 10354 | D:4      | Reached XP level 8. HP: 40/46 MP: 8/8
 10434 | D:4      | XOM: colour smoke trail
 10477 | D:4      | XOM: noise
 10568 | D:4      | Found a staircase to the Ecumenical Temple.
 10831 | D:4      | XOM: give mutations
 10831 | D:4      | Lost mutation: You are clumsy. (Dex -2) [Xom's mischief]
 10831 | D:4      | Gained mutation: You are weak. (Str -2) [Xom's mischief]
 10831 | D:4      | Gained mutation: Your body sometimes deteriorates upon taking damage. [Xom's mischief]
 10831 | D:4      | Gained mutation: You are very weak. (Str -4) [Xom's mischief]
 11138 | D:5      | Entered Level 5 of the Dungeon
 11188 | D:5      | XOM: medium Pois miscast
 11230 | D:5      | XOM: enchant monster (good)
 11231 | D:5      | XOM: stat loss: -1 Int (13/14)
 11257 | D:5      | XOM: summons 3 hostile shadow creatures
 11458 | D:5      | XOM: harmless Conj miscast
 11661 | D:5      | Reached skill level 10 in Unarmed Combat
 11953 | D:5      | Found a glowing silver altar of Zin.
 12125 | Temple   | Entered the Ecumenical Temple
 12501 | Temple   | XOM: medium Necr miscast
 12598 | Temple   | XOM: give mutations
 12598 | Temple   | Lost mutation: Scrolls take you a little longer to read. [Xom's mischief]
 12598 | Temple   | Gained mutation: You are very frail (-20% HP). [Xom's mischief]
 12598 | Temple   | Lost mutation: Your body sometimes deteriorates upon taking damage. [Xom's mischief]
 12598 | Temple   | Lost mutation: You can translocate small distances at will. [Xom's mischief]
 13443 | Temple   | XOM: silly message
 14515 | Temple   | XOM: divination: magic mapping
 14741 | Temple   | XOM: 1-stop teleportation journey
 14893 | Temple   | XOM: mild Hex miscast
 15228 | Temple   | XOM: noise
 15305 | Temple   | XOM: medium Ice miscast
 15549 | Temple   | XOM: mild Trmt miscast
 15607 | Temple   | XOM: 1-stop teleportation journey
 15897 | Temple   | XOM: colour smoke trail
 16646 | Temple   | XOM: harmless Tloc miscast
 16709 | Temple   | XOM: cast spell 'Necromutation'
 16718 | Temple   | XOM: mild Trmt miscast
 16928 | Temple   | XOM: harmless Air miscast
 17086 | Temple   | XOM: god gift: 2 viscous inky potions
 17293 | Temple   | XOM: vitrification
 17530 | Temple   | XOM: god gift: 16 gold pieces
 17567 | Temple   | XOM: god gift: square zirconium amulet {god gift}
 17754 | Temple   | XOM: mild Air miscast
 17862 | Temple   | XOM is BORED!
 17862 | Temple   | XOM: summons 4 hostile demons
 17892 | D:4      | XOM: god gift: 24 stones
 18988 | Temple   | XOM: mild Conj miscast
 20302 | Temple   | XOM is BORED!
 20302 | Temple   | XOM: medium Ice miscast
 20850 | Temple   | XOM: god gift: 53 gold pieces
 20892 | Temple   | XOM: vitrification
 20984 | Temple   | XOM: 4-stop teleportation journey
 21015 | Temple   | XOM: 1-stop teleportation journey
 21037 | Temple   | XOM: god gift: meat ration
 21997 | Temple   | XOM: 2-stop teleportation journey
 22239 | Temple   | XOM: divination: detect creatures
 22254 | Temple   | XOM: mild Ice miscast
 22644 | Temple   | XOM: harmless Fire miscast
 23003 | Temple   | XOM: divination: detect creatures
 23317 | Temple   | XOM: divination: magic mapping
 24032 | D:6      | XOM: harmless Chrm miscast
 24158 | D:6      | XOM: harmless Chrm miscast
 24248 | D:6      | Found a blossoming altar of Fedhas.
 24256 | D:6      | XOM: silly message
 24264 | D:6      | XOM: silly message
 24438 | D:6      | Noticed Menkaure
 24580 | D:6      | Killed Menkaure
 24580 | D:6      | Reached skill level 11 in Unarmed Combat
 25009 | D:6      | Reached XP level 9. HP: 37/44 MP: 7/9
 25068 | D:6      | XOM is BORED!
 25068 | D:6      | XOM: confusion (+ monsters)
 25202 | D:6      | Learned a level 2 spell: Repel Missiles
 25206 | D:6      | Learned a level 3 spell: Mephitic Cloud
 25318 | D:6      | XOM: mild Erth miscast
 25338 | D:6      | XOM: stat loss: -1 Str (6/7)
 25389 | D:7      | Noticed Joseph
 25390 | D:7      | XOM: butterfly on damage
 25426 | D:6      | XOM: summons 4 hostile demons
 25427 | D:6      | Noticed an orange demon
 25638 | D:7      | XOM: confusion
 25641 | D:7      | Slain by a hippogriff

Vault maps used:
D:1:      evilmike_arrival_grusome_pit
D:2:      gammafunk_temple_overflow_pools, grunt_ministairs_14, uniq_iyjb,
          uniq_robin
D:3:      corexii_shack_village, okawaru_altar_gauntlet_db,
          amethyst_overflow_temple_binary, first_bread, portal_sewer_entry_a,
          serial_glass, glass_columns_b, glass_columns_a,
          minmay_goblin_kobold_house
D:4:      kennysheep_six_static_rooms, minmay_temple_entry_from_below_a
D:5:      zin_scriptorium
D:6:      kennysheep_little_box, uniq_menkaure
D:7:      serial_shops, shop_fountains, uniq_joseph
Temple:   zaba_magenta_temple_12
Sewer:    sewer_kobolds

Skill      XL: |  1  2  3  4  5  6  7  8 |
---------------+-------------------------+-----
Unarmed Combat | 4 5 6 7 9 11 | 11.8
Fighting       | |  3.0
Dodging        | |  2.3
Poison Magic   | |  0.2

Action                   |  1- 3 |  4- 6 |  7- 9 || total
-------------------------+-------+-------+-------++-------
Melee: Unarmed           |    68 |   215 |   215 ||   498
Throw: Javelin           |       |       |    42 ||    42
 Abil: Blink             |       |       |     2 ||     2
Evoke: Wand              |       |       |     1 ||     1
  Use: Potion            |     1 |     2 |    11 ||    14
       Scroll            |       |     6 |     9 ||    15
 Stab: Sleeping          |     2 |    11 |     1 ||    14
       Distracted        |     1 |       |       ||     1
       Confused          |       |       |     1 ||     1
  Eat: Chunk             |     5 |    18 |    18 ||    41
       Bread ration      |       |       |     4 ||     4
       Meat ration       |       |       |     3 ||     3
       Fruit             |       |       |     2 ||     2
       Pizza             |       |       |     1 ||     1
